 Dungeon Crawl Stone Soup version 0.31.0-9-g3a7656b989 (console) character file.

Game seed: 9543128909957649617

10809 AlterAsc the Severer (level 11, 0/75 HPs)
             Began as a Formicid Fighter on Jan 27, 2024.
             Was a High Priest of Okawaru.
             Slain by a cane toad (16 damage)
             ... on level 1 of the Lair of Beasts.
             The game lasted 00:20:30 (9123 turns).

AlterAsc the Severer (Formicid Fighter)             Turns: 9123, Time: 00:20:31

Health: 0/75       AC: 10    Str: 26    XL:     11   Next: 99%
Magic:  13/13      EV:  9    Int:  7    God:    Okawaru [*****.]
Gold:   301        SH:  7    Dex: 13    Spells: 10/10 levels left

rFire   + . .        M - +0 battleaxe (flame)
rCold   . . .        A - +2 buckler
rNeg    + . .        x - +2 scale mail {rPois}
rPois   +            (helmet unavailable)
rElec   +            (no cloak)
rCorr   .            (no gloves)
SInv    +            F - +0 pair of boots
Will    +....        D - amulet "Tuacinur" {rElec rF+ rN+ Regen+ Stlth+}
Stlth   +            (no ring)
HPRegen 1.12/turn    (no ring)
MPRegen 0.13/turn

%: no passive effects
@: no status effects
A: permanent stasis, dig shafts and tunnels, antennae 3, four strong arms
a: Dig, Shaft Self, Renounce Religion, Heroism, Finesse, Duel


You were on level 1 of the Lair of Beasts.
You worshipped Okawaru.
Okawaru was extremely pleased with you.
You visited 3 branches of the dungeon, and saw 12 of its levels.
You also visited: Sewer.

You collected 441 gold pieces.
You spent 140 gold pieces at shops.

Inventory:

Hand Weapons
 a - a +0 war axe
 l - a +3 spear
 M - a +0 battleaxe of flaming (weapon)
Missiles
 e - 13 javelins
 j - 8 boomerangs
 n - 29 poisoned darts (quivered)
 o - 2 silver javelins
 R - 3 atropa-tipped darts
Armour
 b - a +0 scale mail
 c - a +0 buckler
 g - a +0 plate armour
 m - a +0 chain mail
 x - a +2 scale mail of poison resistance (worn)
 A - a +2 buckler (worn)
 F - a +0 pair of boots (worn)
Jewellery
 f - a ring of ice
 y - a ring of fire
 D - the amulet "Tuacinur" (around neck) {rElec rF+ rN+ Regen+ Stlth+}
   (You found it on level 6 of the Dungeon)

   [amulet of regeneration]

   rF+:       It protects you from fire.
   rElec:     It insulates you from electricity.
   rN+:       It protects you from negative energy.
   Regen+:    It increases your rate of health regeneration.
   Stlth+:    It makes you more stealthy.
 L - a ring of wizardry
Wands
 s - a wand of mindburst (10)
 w - a wand of roots (4)
 H - a wand of paralysis (10)
 O - a wand of quicksilver (4)
 P - a wand of polymorph (9)
Scrolls
 d - 2 scrolls of teleportation
 k - a scroll of fear
 p - 2 scrolls of torment
 r - a scroll of immolation
 t - a scroll of blinking
 u - 2 scrolls of vulnerability
 v - 3 scrolls of fog
 z - 2 scrolls of revelation
 G - a scroll of noise
 I - a scroll of amnesia {unknown}
 J - a scroll of poison {unknown}
 K - 2 scrolls of enchant weapon {unknown}
 Q - a scroll of enchant armour {unknown}
Potions
 h - a potion of lignification {unknown}
 q - 3 potions of curing
 B - a potion of enlightenment {unknown}
 C - a potion of degeneration {unknown}
 E - 2 potions of attraction {unknown}
 N - a potion of ambrosia {unknown}


   Skills:
 - Level 3.2 Fighting
 + Level 17.6 Axes
 - Level 3.2 Armour
 - Level 4.0 Shields
 - Level 3.0 Invocations


You had 10 spell levels left.
You didn't know any spells.
Your spell library contained the following spells:

 Spells                   Type           Power      Damage    Failure   Level
 Freeze                   Ice            0%         1d3       77%         1
 Cigotuvi's Dreadful Rot  Necr/Alch/Air  0%         N/A       88%         2
 Lesser Beckoning         Tloc           0%         N/A       88%         2
 Momentum Strike          Conj/Tloc      0%         3d8       88%         2
 Static Discharge         Conj/Air       0%         3-3/arc   88%         2
 Dazzling Flash           Conj/Hex       0%         N/A       98%         3
 Frozen Ramparts          Ice            0%         1d1       98%         3
 Hailstorm                Conj/Ice       0%         3d5       98%         3
 Inner Flame              Hex/Fire       0%         N/A       98%         3
 Anguish                  Hex/Necr       0%         N/A       100%        4
 Cause Fear               Hex            0%         N/A       100%        4
 Dimensional Bullseye     Hex/Tloc       0%         N/A       100%        4
 Dispel Undead            Necr           0%         3d6       100%        4
 Flame Wave               Conj/Fire      0%         2d4       100%        4
 Iskenderun's Mystic Bla  Conj/Tloc      0%         2d3       100%        4
 Sticky Flame             Fire/Alch      0%         2d4       100%        4
 Enfeeble                 Hex            0%         N/A       100%        7
 Blink                    Tloc           Unusable   N/A       N/A         2
 Tukima's Dance           Hex            Unusable   N/A       N/A         3
 Martyr's Knell           Necr/Summ      Unusable   N/A       N/A         4
 Summon Blazeheart Golem  Fire/Summ      Unusable   N/A       N/A         4
 Death Channel            Necr           Unusable   N/A       N/A         6

Dungeon Overview and Level Annotations

Branches:
Dungeon (10/15)            Temple (1/1) D:7            Lair (1/5) D:8
  Sewer (visited)
    Orc: D:9-12

Altars:
Ashenzari
Cheibriados
Dithmenos
Elyvilon
Fedhas
Gozag
Hepliaklqana
Kikubaaqudgha
Nemelex Xobeh
Okawaru
Qazlal
Ru
Sif Muna
Trog
Uskayaw
Vehumet
Wu Jian
Xom
Yredelemnul
Zin
The Shining One

Shops:
D:8 ?

Annotations:
D:1 1 transporter
D:2 1 runed translucent door, Crazy Yiuf


Innate Abilities, Weirdness & Mutations

You cannot be hasted, slowed, berserked, paralysed or teleported.
You can dig through walls and to a lower floor.
You have a pair of large antennae on your head. (SInv)
Your four strong arms can wield two-handed weapons with a shield.


Message History

You barely miss the wyvern.
The wyvern is moderately wounded.
You slash the wolf! You burn the wolf. The wolf barely misses you.
The wyvern bites you. You block the wolf's attack.
You miss the wolf.
The wolf is heavily wounded.
You slice the wyvern!! You burn the wyvern!
You kill the wyvern!
Okawaru accepts your kill. The wolf misses you. The wolf bites you.
You barely miss the cane toad. You miss the wolf.
You hit the wolf but do no damage. You block the wolf's attack.
The cane toad closely misses you. The wolf bites you!
The wolf completely misses you.
You closely miss the cane toad. You slash the wolf! You burn the wolf.
You kill the wolf!
Okawaru accepts your kill.
You barely miss the wolf. The cane toad stings you. The wolf bites you.
You slash the cane toad! You burn the cane toad.
The cane toad is moderately wounded.
You closely miss the wolf. The wolf bites you. The cane toad stings you!!
You block the wolf's attack.
You barely miss the cane toad.
The cane toad is moderately wounded.
You closely miss the wolf.
The cane toad stings you but does no damage.
The wolf bites you.
* * * LOW HITPOINT WARNING * * *
You barely miss the cane toad.
The cane toad is moderately wounded.
You barely miss the wolf. The wolf bites you but does no damage.
The cane toad stings you but does no damage.
The wolf bites you.
* * * LOW HITPOINT WARNING * * *
You block the cane toad's attack.
You slash the cane toad! You burn the cane toad.
The cane toad is severely wounded.
You hit the wolf but do no damage. The wolf closely misses you.
You hit the cane toad but do no damage.
The cane toad is severely wounded.
You hit the wolf. You burn the wolf. The wolf bites you.
* * * LOW HITPOINT WARNING * * *
The cane toad stings you!
You die...

# ###. ..### ###...
#....####...#† .#.
#.......... ..
##......... #F#
##.#........ ..
#.#.......P. #.###
##.......... . #
...###....#.##..# ..
##. ##F#.###.##..##..#
...#..
#@†#......#.....#.
....#.###h#.....###..##
.
.P...hh.#.†....####...#
........##.............
......h.......##.####
..##.#.......## ...
#........## .##
#...?.....# ##
...#.##...... ..####
#.#...#. P ####.....


You could see a cane toad and a wolf.

Vanquished Creatures
  A manticore (D:8)
  2 black mambas (Lair:1)
  A gargoyle (D:9)
  A cane toad (Lair:1)
  A komodo dragon (Lair:1)
  2 trolls
  A hornet (D:8)
  A wyvern (Lair:1)
  2 basilisks (Lair:1)
  A wraith (D:9)
  14 yaks
  7 water moccasins
  2 sky beasts
  6 orc warriors
  7 black bears
  5 wolves
  3 centaurs
  3 ogres
  A kobold brigand (D:9)
  6 bullfrogs
  5 scorpions
  A gnoll sergeant (D:9)
  3 wights (D:6)
  9 killer bees
  3 electric eels (D:8)
  A howler monkey (D:5)
  3 jellies
  4 hounds
  A bombardier beetle (D:6)
  6 orc priests
  2 gnoll boudas
  Jessica (D:2)
  Terence (D:2)
  2 iguanas
  10 orc wizards
  A sleepcap (D:8)
  15 gnolls
  6 adders
  3 white imps
  4 ufetubi (D:5)
  9 dart slugs
  A ribbon worm (D:2)
  23 orcs
  13 ball pythons
  14 endoplasms
  12 giant cockroaches
  4 goblins
  5 hobgoblins
  5 jackals
  5 quokkas
  7 bats
  13 frilled lizards
  16 kobolds
  9 rats
284 creatures vanquished.

Notes
Turn   | Place    | Note
-------+----------+-------------------------------------------
     0 | D:1      | AlterAsc the Formicid Fighter began the quest for the Orb.
     0 | D:1      | Reached XP level 1. HP: 18/18 MP: 1/1
   137 | D:1      | Reached XP level 2. HP: 24/24 MP: 2/2
   233 | D:1      | Reached skill level 3 in Axes
   434 | D:1      | Reached XP level 3. HP: 28/29 MP: 3/3
   532 | D:2      | Noticed Terence
   540 | D:2      | Killed Terence
   541 | D:2      | Reached skill level 4 in Axes
   541 | D:2      | Reached XP level 4. HP: 26/35 MP: 4/4
   593 | D:2      | Noticed Jessica
   609 | D:2      | Killed Jessica
  1190 | D:2      | Found a runed translucent door.
  1195 | D:2      | Noticed Crazy Yiuf
  1591 | D:3      | Noticed a scorpion
  1594 | D:3      | Reached XP level 5. HP: 36/41 MP: 5/5
  1604 | D:3      | Reached skill level 5 in Axes
  2302 | D:4      | Noticed an ogre
  2310 | D:4      | Killed an ogre
  2311 | D:4      | Reached skill level 6 in Axes
  2311 | D:4      | Reached XP level 6. HP: 7/47 MP: 6/6
  2541 | D:4      | Found a glowing drain.
  2573 | Sewer    | Entered a sewer
  2870 | Sewer    | Reached skill level 7 in Axes
  2870 | Sewer    | Reached XP level 7. HP: 26/52 MP: 7/7
  3375 | D:4      | Reached skill level 8 in Axes
  3671 | D:5      | Entered Level 5 of the Dungeon
  3701 | D:5      | Noticed a water moccasin
  3712 | D:4      | Killed a water moccasin
  3713 | D:4      | Reached XP level 8. HP: 20/58 MP: 8/8
  4023 | D:5      | Reached skill level 9 in Axes
  4670 | D:6      | Reached skill level 10 in Axes
  4732 | D:6      | Identified the amulet "Tuacinur" {rElec rF+ rN+ Regen+
                  | Stlth+}
  4777 | D:6      | Got Jiexoed's Textbook on Supportive Blasts
  4832 | D:6      | Reached XP level 9. HP: 58/64 MP: 9/9
  4922 | D:6      | Reached skill level 11 in Axes
  5016 | D:7      | Found a staircase to the Ecumenical Temple.
  5075 | Temple   | Entered the Ecumenical Temple
  5110 | Temple   | Became a worshipper of Warmaster Okawaru
  5264 | D:7      | Reached skill level 12 in Axes
  5301 | D:7      | Reached skill level 1 in Invocations
  5401 | D:7      | Reached * piety under Okawaru
  5503 | D:7      | Noticed a cyclops
  5669 | D:8      | Reached XP level 10. HP: 70/70 MP: 12/12
  5713 | D:8      | Reached skill level 13 in Axes
  5885 | D:8      | Found a staircase to the Lair.
  5987 | D:8      | Noticed a manticore
  6000 | D:8      | Killed a manticore
  6000 | D:8      | Reached ** piety under Okawaru
  6001 | D:8      | Reached skill level 14 in Axes
  6098 | D:8      | Identified the +0 robe "Maob" {Harm}
  6286 | D:8      | Found Unlaodgh's Magic Scroll Emporium.
  6300 | D:8      | Bought a scroll of identify for 28 gold pieces
  6300 | D:8      | Bought a scroll of identify for 28 gold pieces
  6300 | D:8      | Bought 3 scrolls of identify for 84 gold pieces
  7065 | D:9      | Reached *** piety under Okawaru
  7066 | D:9      | Reached skill level 15 in Axes
  7279 | D:9      | Reached XP level 11. HP: 74/75 MP: 13/13
  7431 | D:10     | Entered Level 10 of the Dungeon
  7477 | D:10     | Identified the +8 dagger of Nemelex Xobeh's Favour {freeze,
                  | Str+7}
  7571 | D:9      | Reached **** piety under Okawaru
  7938 | D:10     | Reached skill level 16 in Axes
  8597 | D:10     | Reached ***** piety under Okawaru
  8711 | Lair:1   | Entered Level 1 of the Lair of Beasts
  8770 | Lair:1   | Received a gift from Okawaru
  8855 | Lair:1   | Reached skill level 17 in Axes
  9123 | Lair:1   | Slain by a cane toad

Illustrated notes

Levels and vault maps discovered:
D:1:      spicycebolla_arrival_risky_transporter, layout_rooms
D:2:      minmay_door_path, layout_basic, uniq_terence, uniq_crazy_yiuf_cottage,
          uniq_jessica
D:3:      layout_loops_ring
D:4:      layout_loops_ring, cheibrodos_sewer_entry_sluice
D:5:      layout_loops_ring, chequers_serial_rivers_micro_a, corexii_shack,
          minmay_gold_behind_fungi
D:6:      layout_rooms
D:7:      layout_cave_pools, mainiacjoe_overflow_six_doors_small,
          minmay_temple_entry_statues
D:8:      layout_loops_ring, erik_lair_island, nicolae_wooded_promenade
D:9:      layout_irregular_city
D:10:     layout_stronghold, kennysheep_nondescript
Temple:   kilobyte_greek_temple
Lair:1:   layout_misc_corridors, beast_lair_carwin_1, lemuel_fruit_fields

Skill      XL: |  1  2  3  4  5  6  7  8  9 10 11 |
---------------+----------------------------------+-----
Axes           | 3 4 6 7 8 10 12 15 17 | 17.6
Invocations    | 3 |  3.0
Fighting       | |  3.2
Armour         | |  3.2
Shields        | |  4.0

Action                     |  1- 3 |  4- 6 |  7- 9 | 10-12 || total
---------------------------+-------+-------+-------+-------++-------
  Melee: War axe           |    71 |   213 |   330 |   186 ||   800
         Battleaxe         |       |       |       |   200 ||   200
  Throw: Dart              |       |     6 |       |       ||     6
 Invoke: Heroism           |       |       |       |     1 ||     1
Ability: Dig               |       |       |     1 |       ||     1
    Use: Potion            |       |       |     4 |     5 ||     9
         Scroll            |       |       |       |    10 ||    10
 Armour: Scale mail        |    77 |       |   239 |   342 ||   658
         Chain mail        |       |   141 |       |       ||   141
  Dodge: Dodged            |    41 |    86 |   159 |   159 ||   445
  Block: Buckler           |    27 |    59 |   120 |   143 ||   349
